 Dungeon Crawl Stone Soup version 0.18.1-50-g88ac8fd (webtiles) character file.

1720 nikopol the Cleaver (level 9, -1/120 HPs)
             Began as a Hill Orc Berserker on Oct 17, 2016.
             Was an Elder of Trog.
             Slain by a killer bee (5 damage)
             ... on level 7 of the Dungeon.
             The game lasted 00:12:30 (6944 turns).

nikopol the Cleaver (Hill Orc Berserker)            Turns: 6944, Time: 00:12:31

Health: -1/120     AC:  4    Str: 26    XL:     9   Next: 4%
Magic:  9/9        EV: 12    Int:  7    God:    Trog [****..]
Gold:   316        SH:  0    Dex: 12    Spells: 0 memorised, 8 levels left

rFire  . . .     SeeInvis .     a - +2 war axe (elec)
rCold  + . .     Gourm    .     v - +1 scale mail {rC+}
rNeg   . . .     Faith    .     (no shield)
rPois  .         Spirit   .     (no helmet)
rElec  .         Dismiss  .     (no cloak)
rCorr  .         Reflect  .     (no gloves)
SustAt .         Harm     .     (no boots)
MR     .....                    (no amulet)
Stlth  ..........               (no ring)
                                (no ring)

@: berserking, lethally poisoned (-1 -> -30), corroded, very quick, not
resistant to hostile enchantments, extremely unstealthy
A: no striking features
a: Berserk, Trog's Hand, Brothers in Arms, Burn Spellbooks, Renounce Religion


You were on level 7 of the Dungeon.
You worshipped Trog.
Trog was greatly pleased with you.
You were not hungry.

You visited 1 branch of the dungeon, and saw 7 of its levels.

You collected 316 gold pieces.

Inventory:

Hand Weapons
 a - a +2 war axe of electrocution (weapon)
 q - a +0 hand axe
Missiles
 t - 74 arrows
Armour
 b - a +0 animal skin
 e - a +0 scale mail
 v - a +1 scale mail of cold resistance (worn)
Wands
 w - a wand of disintegration (10/24)
 z - a wand of flame (12/48)
Scrolls
 d - 8 scrolls of identify {unknown}
 i - a scroll of blinking {unknown}
 l - a scroll of fear {unknown}
 p - 2 scrolls of immolation {unknown}
 r - 2 scrolls of remove curse {unknown}
 s - a scroll of teleportation {unknown}
 y - 2 scrolls of noise {unknown}
Potions
 g - a potion of invisibility {unknown}
 h - 2 potions of lignification {unknown}
 j - 3 potions of brilliance {unknown}
 n - 2 potions of might {unknown}
 o - a potion of haste {unknown}
 u - 2 potions of degeneration {unknown}
 x - 2 potions of curing {unknown}
 A - a potion of berserk rage {unknown}
 B - 2 potions of ambrosia {unknown}
 D - a potion of mutation {unknown}
Comestibles
 c - 3 bread rations
 f - 2 slices of pizza
 k - a meat ration
 m - 4 beef jerkies
 E - 3 fruits


   Skills:
 + Level 7.7 Fighting
 + Level 8.3 Axes
 + Level 6.6 Armour
 + Level 4.8 Dodging


You had 8 spell levels left.
You didn't know any spells.

Dungeon Overview and Level Annotations

Branches:
Dungeon (7/15)             Temple (0/1) D:4

Altars:
Ashenzari
Elyvilon
Fedhas
Gozag
Makhleb
Nemelex Xobeh
Ru
Trog
The Shining One

Shops:
D:5 ***


Message History

You kill the killer bee!
Trog accepts your kill.
* * * LOW HITPOINT WARNING * * *
You feel sick. The killer bee stings you.
* * * LOW HITPOINT WARNING * * *
The killer bee misses you. The killer bee barely misses you.
The killer bee stings you.
* * * LOW HITPOINT WARNING * * *
You barely miss the killer bee.
The killer bee is almost dead.
You barely miss the killer bee. You miss the killer bee.
The killer bee is severely wounded.
You hit the jelly.
There is a sudden explosion of sparks!
You feel the power of Trog in you as your rage grows.
You kill the jelly!
Trog accepts your kill.
* * * LOW HITPOINT WARNING * * *
You feel very sick. The killer bee stings you.
You die...

# #..(....... .
#........##
#.#..........
#.##.#Z#.#.##
####..#.#.#.# #
..........#.#
#####.#Z###.#
#.F†###.#
##.y@...#####
##.yy.......#
.....>........###
####...........<#
#...........##
#...........#
#...........#
#...........#
#...........#


You could see a giant frog, 3 killer bees and a quokka zombie.

Vanquished Creatures
  An orc warrior (D:6)
  A black bear (D:6)
  4 ogres
  A sky beast (D:6)
  A scorpion (D:6)
  2 killer bees (D:7)
  A howler monkey (D:5)
  2 giant frog zombies (D:5)
  3 crimson imps
  A jelly (D:7)
  An orc priest (D:6)
  3 hounds
  3 iguanas
  Ijyb (D:1)
  4 orc wizards (D:4)
  4 worker ants
  A hound zombie (D:6)
  A worker ant zombie (D:6)
  A howler monkey zombie (D:6)
  7 gnolls
  4 adders
  A shadow imp (D:6)
  An ooze (D:3)
  An adder skeleton (D:7)
  6 worms
  4 dart slugs
  7 giant geckos
  17 orcs
  A ball python (D:4)
  4 bats
  4 giant cockroaches
  13 goblins
  11 hobgoblins
  12 jackals
  2 quokkas
  4 giant newts
  A jackal skeleton (D:5)
  8 kobolds
  13 rats
157 creatures vanquished.

Notes
Turn   | Place    | Note
--------------------------------------------------------------
     0 | D:1      | nikopol the Hill Orc Berserker began the quest for the Orb.
     0 | D:1      | Reached XP level 1. HP: 19/19 MP: 1/1
   195 | D:1      | Reached XP level 2. HP: 24/27 MP: 2/2
   500 | D:1      | Reached ** piety under Trog
   500 | D:1      | Reached XP level 3. HP: 33/33 MP: 3/3
  1308 | D:2      | Noticed Ijyb
  1334 | D:1      | Killed Ijyb
  1334 | D:1      | Reached XP level 4. HP: 13/40 MP: 4/4
  1691 | D:2      | Reached *** piety under Trog
  1691 | D:2      | Reached skill level 5 in Axes
  1695 | D:2      | Reached XP level 5. HP: 34/46 MP: 5/5
  1878 | D:2      | Found a shattered altar of Ashenzari.
  1885 | D:2      | Found a glowing golden altar of the Shining One.
  1885 | D:2      | Found an opulent altar of Gozag.
  1892 | D:2      | Found a blossoming altar of Fedhas.
  1893 | D:2      | Found a sacrificial altar of Ru.
  2568 | D:3      | Found a sparkling altar of Nemelex Xobeh.
  2572 | D:3      | Found a white marble altar of Elyvilon.
  2575 | D:3      | Found a burning altar of Makhleb.
  3153 | D:4      | Found a staircase to the Ecumenical Temple.
  3279 | D:4      | Noticed an ogre
  3283 | D:4      | Killed an ogre
  3283 | D:4      | Reached skill level 5 in Fighting
  3283 | D:4      | Reached XP level 6. HP: 32/56 MP: 6/6
  3466 | D:4      | Reached **** piety under Trog
  4181 | D:4      | Reached skill level 6 in Axes
  4181 | D:4      | Reached XP level 7. HP: 17/61 MP: 7/7
  4713 | D:4      | Reached skill level 5 in Armour
  4811 | D:5      | Entered Level 5 of the Dungeon
  5051 | D:5      | Found Sonaj's Assorted Antiques.
  5058 | D:5      | Found Keafewuh's General Store.
  5204 | D:5      | Reached XP level 8. HP: 45/71 MP: 8/8
  5209 | D:5      | Reached skill level 7 in Axes
  5466 | D:5      | Found Qeuwn's Assorted Antiques.
  5957 | D:6      | Received a gift from Trog
  6595 | D:6      | Found a bloodstained altar of Trog.
  6694 | D:6      | Reached skill level 8 in Axes
  6943 | D:7      | Reached XP level 9. HP: 12/79 MP: 9/9
  6944 | D:7      | HP: 4/120 [poisoned by a killer bee]
  6944 | D:7      | Slain by a killer bee

Skill      XL: |  1  2  3  4  5  6  7  8 |
---------------+-------------------------+-----
Armour         | 3 4 5 6 |  6.6
Dodging        | 2 3 4 |  4.8
Fighting       | 4 5 6 7 |  7.7
Axes           | 5 6 8 |  8.3

Action                   |  1- 3 |  4- 6 |  7- 9 || total
-------------------------+-------+-------+-------++-------
Melee: Hand axe          |   134 |    72 |       ||   206
       War axe           |       |   101 |   151 ||   252
Invok: Berserk           |     1 |     2 |     3 ||     6
  Eat: Chunk             |     1 |    10 |    12 ||    23
       Pizza             |       |     1 |       ||     1
Armor: Animal skin       |     6 |       |       ||     6
       Scale mail        |    27 |    46 |    63 ||   136
Dodge: Dodged            |    69 |   103 |    85 ||   257
